 Dungeon Crawl Stone Soup version 0.26-a0-844-g3dd439832f (webtiles) character file.

Game seed: 10227688860064208992

72 pablito the Sneak (level 4, -6/24 HPs)
             Began as a Kobold Enchanter on Nov 18, 2020.
             Mangled by an orc
             ... wielding a +0 hand axe
              (7 damage)
             ... on level 2 of the Dungeon.
             The game lasted 00:07:31 (1711 turns).

pablito the Sneak (Kobold Enchanter)                Turns: 1711, Time: 00:07:31

Health: -6/24      AC:  3    Str:  5    XL:     4   Next: 50%
Magic:  7/7        EV: 15    Int: 16    God:
Gold:   97         SH:  0    Dex: 16    Spells: 6/7 levels left

rFire    . . .     SeeInvis .   a - +1 dagger
rCold    . . .     Faith    .   (shield restricted)
rNeg     . . .     Spirit   .   b - +0 robe
rPois    .         Reflect  .   i - +0 helmet
rElec    .         Harm     .   (no cloak)
rCorr    .         Rampage  .   (no gloves)
MR       .....                  (no boots)
Stlth    ++++......             (no amulet)
HPRegen  0.08/turn              (no ring)
MPRegen  0.10/turn              (no ring)

@: no status effects
A: small, nightstalker 3
a: no special abilities


You were on level 2 of the Dungeon.
You visited 1 branch of the dungeon, and saw 2 of its levels.

You collected 97 gold pieces.

Inventory:

Hand Weapons
 a - a +1 dagger (weapon)
Missiles
 d - 15 poisoned darts (quivered)
Armour
 b - a +0 robe (worn)
 i - a +0 helmet (worn)
Scrolls
 e - a scroll of teleportation {unknown}
 f - a scroll of remove curse
 g - 2 scrolls of identify {unknown}
 k - a scroll of amnesia {unknown}
 l - a scroll of immolation {unknown}
 m - a scroll of enchant weapon {unknown}
Potions
 c - a potion of cancellation {unknown}
 h - a potion of degeneration {unknown}
 j - a potion of invisibility {unknown}


   Skills:
 + Level 2.9 Short Blades
 + Level 1.7 Throwing
 - Level 2.4 Dodging
 + Level 4.9 Stealth
 - Level 2.1 Spellcasting
 + Level 3.5 Hexes


You had 6 spell levels left.
You knew the following spells:

 Your Spells              Type           Power        Failure   Level
a - Corona                Hex            ##.....      4%          1

Your spell library contained the following spells:

 Spells                   Type           Power        Failure   Level
 Confusing Touch          Hex            ##......     14%         3
 Tukima's Dance           Hex            ##......     14%         3
 Ensorcelled Hibernation  Hex/Ice        #.....       16%         2
 Dazzling Flash           Conj/Hex       #.....       30%         3


Dungeon Overview and Level Annotations

Branches:
Dungeon (2/15)

Altars:


Innate Abilities, Weirdness & Mutations

You are small and have problems with some larger weapons.
You are completely attuned to the shadows.


Message History

The orc stops glowing.
The orc hits you with a +0 hand axe.
* * * LOW HITPOINT WARNING * * *
The orc hits you with a +0 hand axe.
* * * LOW HITPOINT WARNING * * *
There is an open door here.
As you read the scroll labelled UZETZE VIOJEDGHOCKI, it crumbles to dust.
You feel blessed for a moment.
It was a scroll of remove curse.
The orc misses you.
You see here an adder skeleton.
There is an open door here.
Things that are here:
a +0 dagger; a jackal skeleton The jackal barks!
You hear a bark! x2
A jackal comes into view.
A kobold comes into view.
You closely miss the jackal.
The kobold shouts!
The jackal bites you.
* * * LOW HITPOINT WARNING * * *
The orc hits you with a +0 hand axe!
You die...

#.#### #.#
#..h..... #.#
#........ #.#
#......h. #÷#
#h...)...
#.### ###....#
#...# #.K....#
#.o.# #h#....#
#÷..# #@#....#
#...###o###'##
#...o.).# #.#
#...##### #.#
#[..# #.#
#...# #†#
##### #.# #.#
#.#


You could see an orc, 2 jackals and a kobold.

Vanquished Creatures
  Natasha (D:2)
  2 adders (D:2)
  A worm (D:2)
  A dart slug (D:2)
  An orc (D:2)
  A ball python (D:1)
  A bat (D:2)
  A giant cockroach (D:1)
  7 goblins
  2 hobgoblins (D:1)
  A jackal (D:2)
  A kobold (D:1)
  4 frilled lizards (D:1)
24 creatures vanquished.

Vanquished Creatures (others)
  2 plants (D:1)
2 creatures vanquished.

Grand Total: 26 creatures vanquished

Notes
Turn   | Place    | Note
-------+----------+-------------------------------------------
     0 | D:1      | pablito the Kobold Enchanter began the quest for the Orb.
     0 | D:1      | Reached XP level 1. HP: 10/10 MP: 3/3
   303 | D:1      | Reached XP level 2. HP: 15/15 MP: 3/5
  1087 | D:2      | Noticed Natasha
  1115 | D:2      | Killed Natasha
  1116 | D:2      | Reached skill level 1 in Throwing
  1116 | D:2      | Reached XP level 3. HP: 10/19 MP: 6/6
  1334 | D:2      | Reached XP level 4. HP: 24/24 MP: 7/7
  1682 | D:2      | HP: 1/24 [orc/+0 hand axe (2)]
  1711 | D:2      | HP: 1/24 [jackal (3)]
  1711 | D:2      | Mangled by an orc

Illustrated notes

Levels and vault maps discovered:
D:1:      wander_arrival_peaceful_grave, layout_loops_corners,
          serial_bayou_crossing
D:2:      layout_basic, uniq_natasha

Skill      XL: |  1  2 |
---------------+-------+-----
Short Blades   | 2 |  2.9
Throwing       | 1 |  1.7
Dodging        | |  2.4
Stealth        | |  4.9
Spellcasting   | |  2.1
Hexes          | |  3.5

Action                   |  1- 3 |  4- 6 || total
-------------------------+-------+-------++-------
Melee: Dagger            |    51 |    30 ||    81
Throw: Dart              |     6 |    10 ||    16
 Cast: Corona            |    12 |     5 ||    17
  Use: Scroll            |       |     1 ||     1
 Stab: Sleeping          |     9 |     1 ||    10
Armor: Robe              |     3 |     3 ||     6
Dodge: Dodged            |    36 |    22 ||    58

Table legend: (Time is in decaauts)
 A = Elapsed time spent in this place.
 B = Non-inter-level travel time spent in this place.
 C = Inter-level travel time spent in this place.
 D = Time resting spent in this place.
 E = Time spent auto-exploring this place.
 F = Levels seen in this place.
 G = Mean time per level.
                   A        B        C        D        E       F      G
               +--------+--------+--------+--------+--------+-----+--------+
         Total |   1711 |   1691 |     20 |    192 |   1173 |   2 |  855.5 |
       Dungeon |   1711 |   1691 |     20 |    192 |   1173 |   2 |  855.5 |
               +--------+--------+--------+--------+--------+-----+--------+

Top non-repeatable levels by time:
     D:1: 1080 daAuts
     D:2: 631 daAuts
